 Dungeon Crawl Stone Soup version 0.24.0 (webtiles) character file.

Game seed: 15950478020507632588, levelgen mode: deterministic

110 Buxparty the Sneak (level 4, -4/21 HPs)
             Began as a Spriggan Enchanter on Jan 26, 2020.
             Slain by a scorpion (10 damage)
             ... on level 4 of the Dungeon.
             The game lasted 00:07:17 (2884 turns).

Buxparty the Sneak (Spriggan Enchanter)             Turns: 2884, Time: 00:07:18

Health: -4/21      AC:  2    Str:  4    XL:     4   Next: 61%
Magic:  2/10       EV: 19    Int: 17    God:
Gold:   124        SH:  0    Dex: 16    Spells: 4/10 levels left

rFire    . . .     SeeInvis +   a - +1 dagger
rCold    . . .     Gourm    .   (shield restricted)
rNeg     . . .     Faith    .   b - +0 robe
rPois    .         Spirit   .   (helmet restricted)
rElec    .         Reflect  .   (no cloak)
rCorr    .         Harm     .   (gloves unavailable)
MR       .....                  (boots unavailable)
Stlth    +++.......             (no amulet)
HPRegen  0.07/turn              (no ring)
MPRegen  0.12/turn              (no ring)

@: very slightly contaminated, very quick
A: very small, unfitting armour, see invisible, herbivore, speed 3, slow
metabolism 2
a: no special abilities


You were on level 4 of the Dungeon.
You were not hungry.

You visited 1 branch of the dungeon, and saw 4 of its levels.

You collected 124 gold pieces.

Inventory:

Hand Weapons
 a - a +1 dagger (weapon)
Armour
 b - a +0 robe (worn)
Jewellery
 o - an uncursed ring of protection from fire {unknown}
Scrolls
 c - a scroll of remove curse {unknown}
 g - a scroll of teleportation {unknown}
 h - a scroll of magic mapping {unknown}
 i - 5 scrolls of fear {unknown}
 j - a scroll of noise {unknown}
 k - a scroll of amnesia {unknown}
Potions
 e - 4 potions of agility {unknown}
 f - a potion of lignification {unknown}
 l - a potion of flight {unknown}
 m - a potion of experience {unknown}
 n - a potion of curing {unknown}
 p - 2 potions of heal wounds {unknown}
Comestibles
 d - 4 rations


   Skills:
 + Level 2.3 Short Blades
 + Level 4.1 Dodging
 + Level 5.3 Stealth
 + Level 3.6 Spellcasting
 + Level 4.3 Hexes


You had 4 spell levels left.
You knew the following spells:

 Your Spells              Type           Power        Failure   Level  Hunger
a - Corona                Hex            ###....      2%          1    None
b - Ensorcelled Hibernat  Hex/Ice        ##....       10%         2    ##.....
c - Confuse               Hex            ###.....     9%          3    ###....

Your spell library contained the following spells:

 Spells                   Type           Power        Failure   Level  Hunger
 Tukima's Dance           Hex            ###.....     9%          3    ###....
 Dazzling Spray           Conj/Hex       ##....       21%         3    ###....


Dungeon Overview and Level Annotations

Branches:
Dungeon (4/15)
 Temple: D:4-7

Altars:
Dithmenos
Trog
The Shining One


Innate Abilities, Weirdness & Mutations

You are very small and have problems with some larger weapons.
You are too small for most types of armour.
You have supernaturally acute eyesight. (SInv)
You are a herbivore.
You cover ground extremely quickly.
You need to consume almost no food.


Message History

Press: ? - help, Shift-Dir - straight line, f - giant cockroach
Aim: a giant cockroach (clinging, chance to defeat MR: 59%)
The giant cockroach looks drowsy...
The scorpion stings you.
You hit the giant cockroach but do no damage.
The giant cockroach completely misses you.
You hit the giant cockroach.
The giant cockroach is heavily wounded.
The scorpion barely misses you.
The giant cockroach completely misses you.
You closely miss the giant cockroach.
The giant cockroach is heavily wounded.
The scorpion stings you!
* * * LOW HITPOINT WARNING * * *
The giant cockroach misses you.
You hit the giant cockroach.
The giant cockroach is severely wounded.
The giant cockroach closely misses you. The scorpion barely misses you.
The scorpion stings you!
You die...

###>......$..##....<.#.#
.............##.#...#..#
......................
#...†.............#
#........#(...†.#
##.............#
######...###.....#
#......### #ss...#
#..###### #@<...#
#.....# #.....#
.........# ######.#(..
#...... ####... ....
#####


You could see a scorpion and a giant cockroach.

Vanquished Creatures
  Robin (D:2)
  3 adders
  A worm (D:4)
  2 dart slugs
  2 leopard geckos
  4 giant cockroaches
  18 goblins
  4 hobgoblins
  4 jackals
  4 kobolds
  A quokka (D:3)
  A ball python (D:2)
  5 bats
  3 frilled lizards
  A leopard gecko skeleton (D:4)
  8 rats
62 creatures vanquished.

Notes
Turn   | Place    | Note
-------+----------+-------------------------------------------
     0 | D:1      | Buxparty the Spriggan Enchanter began the quest for the
                  | Orb.
     0 | D:1      | Reached XP level 1. HP: 9/9 MP: 5/5
   551 | D:1      | Reached XP level 2. HP: 13/13 MP: 6/6
   589 | D:1      | Learned a level 2 spell: Ensorcelled Hibernation
  1046 | D:2      | Reached XP level 3. HP: 16/16 MP: 8/8
  1381 | D:2      | Found a bloodstained altar of Trog.
  1473 | D:2      | Reached skill level 5 in Stealth
  1477 | D:2      | Noticed Robin
  1794 | D:2      | Killed Robin
  2015 | D:2      | Reached XP level 4. HP: 21/21 MP: 10/10
  2687 | D:3      | Found a glowing golden altar of the Shining One.
  2687 | D:3      | Found a shadowy altar of Dithmenos.
  2785 | D:4      | Learned a level 3 spell: Confuse
  2884 | D:4      | Slain by a scorpion

Levels and vault maps discovered:
D:1:      minmay_arrival_shattered_statue, layout_basic
D:2:      layout_rooms, lightli_temple_of_fire, uniq_robin
D:3:      layout_basic, amethyst_overflow_temple_binary
D:4:      layout_rooms, led_sif_book, marbit_many_paths, tgw_trog
